 Dungeon Crawl Stone Soup version 0.27-a0-1006-g1fd4cec11e (webtiles) character file.

Game seed: 830532491637949219

32 siradein the Grave Robber (level 3, 0/26 HPs)
             Began as a Hill Orc Necromancer on Apr 17, 2021.
             Succumbed to an adder's poison
             ... on level 1 of the Dungeon.
             The game lasted 00:03:52 (1736 turns).

siradein the Grave Robber (Hill Orc Necromancer)    Turns: 1736, Time: 00:03:52

Health: 0/26       AC:  2    Str: 10    XL:     3   Next: 25%
Magic:  0/5        EV: 12    Int: 16    God:
Gold:   26         SH:  0    Dex: 11    Spells: 0/5 levels left

rFire    . . .     SeeInvis .   (no weapon)
rCold    . . .     Faith    .   (no shield)
rNeg     . . .     Spirit   .   a - +0 robe
rPois    .         Reflect  .   (no helmet)
rElec    .         Harm     .   (no cloak)
rCorr    .         Rampage  .   (no gloves)
Will     .....                  (no boots)
Stlth    ++........             (no amulet)
HPRegen  0.08/turn              (no ring)
MPRegen  0.09/turn              (no ring)

@: lethally poisoned (0 -> -3)
A: no striking features
a: no special abilities


You were on level 1 of the Dungeon.
You visited 1 branch of the dungeon, and saw 2 of its levels.

You collected 26 gold pieces.

Inventory:

Missiles
 e - 18 poisoned darts
Armour
 a - a +0 robe (worn)
Jewellery
 f - a +6 ring of strength
Scrolls
 b - 2 scrolls of identify {unknown}
 g - a scroll of torment {unknown}
Potions
 c - 2 potions of cancellation {unknown}
 d - a potion of magic {unknown}


   Skills:
 - Level 1.5 Dodging
 - Level 1.5 Stealth
 - Level 1.5 Spellcasting
 + Level 5.0 Necromancy


You couldn't memorise any spells.
You knew the following spells:

 Your Spells              Type           Power      Damage    Failure   Level
a - Pain                  Necr           68%        1d7       2%          1
b - Animate Skeleton      Necr           34%        N/A       2%          1
c - Vampiric Draining     Necr           8%         2d7       9%          3

Your spell library contained the following spells:

 Spells                   Type           Power      Damage    Failure   Level
 Animate Dead             Necr           8%         N/A       26%         4
 Agony                    Necr           17%        N/A       58%         5


Dungeon Overview and Level Annotations

Branches:
Dungeon (2/15)

Altars:


Message History

Aim: an adder (heavily wounded, chance to affect: 82%)
You miscast Pain.
You are very lightly contaminated with residual magic.
Nothing appears to happen.
The adder closely misses you. The adder bites you but does no damage.
The adder bites you.
Your magical contamination has completely faded away.
There is a stone staircase leading up here.
The adder bites you but does no damage. The adder closely misses you.
You climb upwards.
There is a stone staircase leading down here.
The adder bites you but does no damage. The adder bites you.
Aiming: Pain (safe; 2% risk of failure)
Press: ? - help, Q - select action, (/) - cycle Shift-Dir - straight line, f - adder
Aim: an adder (heavily wounded, chance to affect: 82%)
The adder writhes in agony.
The adder bites you.
Unknown command.
Aiming: Pain (safe; 2% risk of failure)
Press: ? - help, Q - select action, (/) - cycle Shift-Dir - straight line, f/p - adder
Aim: an adder (almost dead, chance to affect: 82%)
The adder barely resists.
The adder bites you. x2
Unknown command.
You miss the adder.
The adder is almost dead.
The adder bites you.
* * * LOW HITPOINT WARNING * * *
You are poisoned.
The adder poisons you!
You hit the adder but do no damage.
The adder is almost dead.
* * * LOW HITPOINT WARNING * * *
You feel sick. The adder bites you.
* * * LOW HITPOINT WARNING * * *
You closely miss the adder.
The adder is almost dead.
You die...

#..........#.......#
###
#..........#.......#
#..........#.......#
#..........#.....#>#
#................#.#
#................#.#
#................###
#...............S#
#...............@#
########.........#
#.........#
#.........#
#.........#
#.........#
#.........#
#.........#
###########


You could see an adder.

Vanquished Creatures
  2 dart slugs (D:1)
  4 bats
  An endoplasm (D:1)
  2 giant cockroaches (D:1)
  4 hobgoblins
  3 jackals (D:1)
  A kobold (D:1)
  2 quokkas
  3 ball pythons (D:1)
  A goblin (D:1)
  A rat (D:1)
24 creatures vanquished.

Vanquished Creatures (others)
  A demonic plant (D:1)
  2 fungi (D:1)
  3 plants (D:1)
  A withered plant (D:1)
7 creatures vanquished.

Grand Total: 31 creatures vanquished

Notes
Turn   | Place    | Note
-------+----------+-------------------------------------------
     0 | D:1      | siradein the Hill Orc Necromancer began the quest for the
                  | Orb.
     0 | D:1      | Reached XP level 1. HP: 14/14 MP: 3/3
   388 | D:1      | Reached XP level 2. HP: 12/20 MP: 0/4
  1033 | D:1      | Found a faded altar of an unknown god.
  1392 | D:1      | Reached XP level 3. HP: 23/26 MP: 2/5
  1419 | D:1      | Learned a level 1 spell: Animate Skeleton
  1423 | D:1      | Learned a level 3 spell: Vampiric Draining
  1572 | D:1      | Reached skill level 5 in Necromancy
  1735 | D:1      | HP: 1/26 [adder (3)]
  1736 | D:1      | Succumbed to an adder's poison

Illustrated notes

Levels and vault maps discovered:
D:1:      ebering_trefoil_twist, layout_basic, shapermc_ecumenical_altar_gd
D:2:      layout_rooms

Skill      XL: |  1  2  3 |
---------------+----------+-----
Necromancy     | 5 |  5.0
Dodging        | |  1.5
Stealth        | |  1.5
Spellcasting   | |  1.5

Action                   || total
-------------------------++-------
Melee: Unarmed           ||    23
 Cast: Pain              ||    54
       Animate Skeleton  ||     1
Armor: Robe              ||    14
Dodge: Dodged            ||    39

Table legend: (Time is in decaauts)
 A = Elapsed time spent in this place.
 B = Non-inter-level travel time spent in this place.
 C = Inter-level travel time spent in this place.
 D = Time resting spent in this place.
 E = Time spent auto-exploring this place.
 F = Levels seen in this place.
 G = Mean time per level.
                   A        B        C        D        E       F      G
               +--------+--------+--------+--------+--------+-----+--------+
         Total |   1736 |   1736 |      0 |      9 |   1448 |   2 |  868.0 |
       Dungeon |   1736 |   1736 |      0 |      9 |   1448 |   2 |  868.0 |
               +--------+--------+--------+--------+--------+-----+--------+

Top non-repeatable levels by time:
     D:1: 1639 daAuts
     D:2: 96 daAuts
